 Dungeon Crawl Stone Soup version 0.27-a0-531-gb72ec1a1b6 (webtiles) character file.

Game seed: 6627976660464950609

441 srzhan31 the Conjurer (level 7, -4/49 HPs)
             Began as a Human Conjurer on Mar 5, 2021.
             Slain by an ogre
             ... wielding a +0 giant club
              (24 damage)
             ... on level 4 of the Dungeon.
             The game lasted 00:17:14 (3277 turns).

srzhan31 the Conjurer (Human Conjurer)              Turns: 3277, Time: 00:17:15

Health: -4/49      AC:  5    Str:  7    XL:     7   Next: 22%
Magic:  3/12       EV: 16    Int: 20    God:
Gold:   126        SH:  0    Dex: 12    Spells: 10/13 levels left

rFire    . . .     SeeInvis .   h - +1 mace (protect)
rCold    . . .     Faith    .   (no shield)
rNeg     . . .     Spirit   .   a - +0 robe
rPois    .         Reflect  .   c - +1 hat
rElec    .         Harm     .   (no cloak)
rCorr    .         Rampage  .   k - +1 pair of gloves {archery}
Will     .....                  (no boots)
Stlth    ++........             (no amulet)
HPRegen  0.16/turn              o - +4 ring of evasion
MPRegen  0.13/turn              (no ring)

@: very slightly contaminated
A: no striking features
a: no special abilities


You were on level 4 of the Dungeon.
You visited 1 branch of the dungeon, and saw 4 of its levels.

You collected 126 gold pieces.

Inventory:

Hand Weapons
 h - a +1 mace of protection (weapon)
Missiles
 f - 108 stones
 l - 8 arrows
Armour
 a - a +0 robe (worn)
 c - a +1 hat (worn)
 k - a +1 pair of gloves of archery (worn)
Jewellery
 o - a +4 ring of evasion (left hand)
Wands
 n - a wand of flame (25)
Scrolls
 d - 4 scrolls of teleportation {unknown}
 e - a scroll of amnesia {unknown}
 g - 4 scrolls of identify {unknown}
 m - 3 scrolls of enchant armour {unknown}
 p - a scroll of immolation {unknown}
Potions
 b - 3 potions of degeneration {unknown}
 i - 4 potions of curing {unknown}
 j - a potion of flight {unknown}


   Skills:
 * Level 1.9 Fighting
 * Level 1.6 Armour
 * Level 2.8 Dodging
 - Level 2.2 Stealth
 * Level 1.1 Shields
 * Level 3.6 Spellcasting
 * Level 6.0 Conjurations


You had 10 spell levels left.
You knew the following spells:

 Your Spells              Type           Power      Damage    Failure   Level
a - Magic Dart            Conj           100%       1d8       1%          1
b - Searing Ray           Conj           54%        3d5       1%          2

Your spell library contained the following spells:

 Spells                   Type           Power      Damage    Failure   Level
 Dazzling Flash           Conj/Hex       30%        N/A       12%         3
 Fulminant Prism          Conj/Hex       7%         3d7       36%         4
 Iskenderun's Mystic Bla  Conj/Tloc      15%        2d5       36%         4


Dungeon Overview and Level Annotations

Branches:
Dungeon (4/15)
 Temple: D:4-7

Altars:
Makhleb
Yredelemnul


Message History

The searing ray hits the ogre!
The ogre is moderately wounded. (Press . to maintain the ray.)
The searing ray hits the ogre.
The ogre is heavily wounded.
The searing ray hits the ogre!
The ogre is almost dead.
The ogre closely misses you.
The searing ray hits the ogre!
You kill the ogre!
You finish channeling your searing ray.
The ogre shouts!
Your Shields skill increases to level 1!
Your Conjurations skill increases to level 6!
You have reached level 7!
Casting: Searing Ray (safe; 1% risk of failure)
Confirm with . or Enter, or press ? or * to list all spells.
Aiming: Searing Ray (safe; 1% risk of failure)
Press: ? - help, Shift-Dir - straight line, f - ogre
Aim: an ogre, wielding a +0 giant club (10% to evade)
You miscast Searing Ray.
You are very lightly contaminated with residual magic.
Nothing appears to happen.
Unknown command.
Casting: Searing Ray (safe; 1% risk of failure)
Confirm with . or Enter, or press ? or * to list all spells.
Aiming: Searing Ray (safe; 1% risk of failure)
Press: ? - help, Shift-Dir - straight line, f/p - ogre
Aim: an ogre, wielding a +0 giant club (10% to evade)
The searing ray hits the ogre.
The ogre is moderately wounded. (Press . to maintain the ray.)
The ogre hits you with a +0 giant club!!
The searing ray hits the ogre!
The ogre is heavily wounded.
The ogre hits you with a +0 giant club!
The searing ray hits the ogre!
The ogre is severely wounded.
The ogre hits you with a +0 giant club!!
You die...

.......# #>.##.#..#
#..#§≈≈≈# .......#
#.#.#.#..# #..#≈⌠_≈#
.......# #....÷#..#
#..#≈.>§# ########
###...#..###..#≈≈≈≈'
#...........######
#.###.####........
#.# ### #.....###
##########O# #######
#...#....#@#
#######.#.#.##.#.#
†.........#.#..#.#
#######.###.#.##.#
#....).))..#
#######.##.# ######


You could see an ogre.

Vanquished Creatures
  An ogre (D:4)
  A bullfrog skeleton (D:4)
  An orc priest (D:4)
  3 orc wizards
  5 gnolls
  7 adders
  An ooze (D:1)
  2 worms
  3 dart slugs
  2 leopard geckos
  7 orcs
  A ball python (D:1)
  2 giant cockroaches (D:1)
  9 goblins
  9 hobgoblins
  7 jackals
  9 kobolds
  A quokka (D:4)
  7 bats
  7 frilled lizards
  16 rats
101 creatures vanquished.

Notes
Turn   | Place    | Note
-------+----------+-------------------------------------------
     0 | D:1      | srzhan31 the Human Conjurer began the quest for the Orb.
     0 | D:1      | Reached XP level 1. HP: 13/13 MP: 3/3
    64 | D:1      | Reached XP level 2. HP: 7/19 MP: 0/5
   191 | D:1      | Learned a level 2 spell: Searing Ray
   284 | D:1      | Reached XP level 3. HP: 16/24 MP: 1/6
   965 | D:1      | Reached XP level 4. HP: 30/30 MP: 5/7
  1313 | D:2      | Reached skill level 5 in Conjurations
  1535 | D:2      | Reached XP level 5. HP: 36/36 MP: 4/8
  1945 | D:2      | Found a burning altar of Makhleb.
  2072 | D:3      | Reached skill level 1 in Fighting
  2629 | D:3      | Reached skill level 1 in Armour
  2836 | D:4      | Reached XP level 6. HP: 41/43 MP: 3/10
  3002 | D:4      | Found a basalt altar of Yredelemnul.
  3249 | D:4      | Noticed an ogre
  3252 | D:4      | Noticed an ogre
  3258 | D:4      | Killed an ogre
  3259 | D:4      | Reached skill level 1 in Shields
  3259 | D:4      | Reached skill level 6 in Conjurations
  3259 | D:4      | Reached XP level 7. HP: 49/49 MP: 6/12
  3277 | D:4      | Slain by an ogre

Illustrated notes

Levels and vault maps discovered:
D:1:      eino_arrival_water_star, layout_rooms, serial_curves, eino_curves_04,
          eino_curves_02
D:2:      layout_loops_ring, lightli_temple_of_fire, minmay_between
D:3:      layout_loops_cross
D:4:      layout_basic, general_overflow_altar, serial_shops,
          nicolae_shop_behind_doors, minmay_cut_off

Skill      XL: |  1  2  3  4  5  6 |
---------------+-------------------+-----
Conjurations   | 5 6 |  6.0
Fighting       | 1 |  1.9
Armour         | 1 |  1.6
Spellcasting   | 3 |  3.6
Shields        | 1 |  1.1
Dodging        | |  2.8
Stealth        | |  2.2

Action                   |  1- 3 |  4- 6 |  7- 9 || total
-------------------------+-------+-------+-------++-------
Melee: Unarmed           |     2 |       |       ||     2
       Mace              |       |    31 |       ||    31
Throw: Stone             |       |     1 |       ||     1
 Cast: Magic Dart        |    20 |     8 |       ||    28
       Searing Ray       |    18 |    49 |     1 ||    68
Armor: Robe              |     3 |    26 |       ||    29
Dodge: Dodged            |    33 |    40 |       ||    73

Table legend: (Time is in decaauts)
 A = Elapsed time spent in this place.
 B = Non-inter-level travel time spent in this place.
 C = Inter-level travel time spent in this place.
 D = Time resting spent in this place.
 E = Time spent auto-exploring this place.
 F = Levels seen in this place.
 G = Mean time per level.
                   A        B        C        D        E       F      G
               +--------+--------+--------+--------+--------+-----+--------+
         Total |   3303 |   3303 |      0 |      0 |      0 |   4 |  825.8 |
       Dungeon |   3303 |   3303 |      0 |      0 |      0 |   4 |  825.8 |
               +--------+--------+--------+--------+--------+-----+--------+

Top non-repeatable levels by time:
     D:2: 1015 daAuts
     D:1: 1012 daAuts
     D:3: 798 daAuts
     D:4: 477 daAuts
